 Dungeon Crawl Stone Soup version 0.28-a0-969-g2dcde036d2 (webtiles) character file.

Game seed: 10858243337810749206

14438 Htamos the Fighter (level 11, -5/95 HPs)
             Began as a Demigod Conjurer on Dec 1, 2021.
             Slain by a guardian serpent (13 damage)
             ... on level 11 of the Dungeon.
             The game lasted 00:36:39 (14975 turns).

Htamos the Fighter (Demigod Conjurer)              Turns: 14975, Time: 00:36:40

Health: -5/95      AC: 11    Str:  8    XL:     11   Next: 58%
Magic:  28/28      EV: 13    Int: 30    God:
Gold:   502        SH:  0    Dex: 12    Spells: 16/27 levels left

rFire   . . .      SeeInvis .   A - +5 whip (elec)
rCold   . . .      Faith    .   (no shield)
rNeg    . . .      Spirit   .   q - +1 troll leather armour {Pargi}
rPois   .          Reflect  .   (no helmet)
rElec   .          Harm     .   (no cloak)
rCorr   .          Rampage  .   e - +0 pair of gloves
Will    .....      Rnd*Tele +   (no boots)
Stlth   ++........              x - amulet of regeneration
HPRegen 1.85/turn               n - +4 ring of protection
MPRegen 0.21/turn               (no ring)

@: lethally poisoned (-5 -> -6), weak-willed, slowed, very slow
A: high mp 1, forlorn, divine attributes, dopey 1, teleportitis 1
a: no special abilities


You were on level 11 of the Dungeon.
You visited 2 branches of the dungeon, and saw 12 of its levels.
You also visited: Ossuary.

You collected 562 gold pieces.
You spent 60 gold pieces at shops.

Inventory:

Hand Weapons
 b - a +0 club of electrocution
 w - a +1 short sword of venom
 A - a +5 whip of electrocution (weapon)
 H - the +5 quarterstaff "Cusuick" {drain, Fly Str+5 SInv}
   (You found it on level 7 of the Dungeon)

   A truly terrible weapon, it drains the life of any living foe it strikes.
   Str:       It affects your strength (+5).
   SInv:      It lets you see invisible.
   Fly:       It grants you flight.
Missiles
 f - 5 silver boomerangs
 F - 7 throwing nets
Armour
 a - a +0 robe
 e - a +0 pair of gloves (worn)
 g - a +0 ring mail
 h - the +0 ring mail of the Good {Will+ Regen+}
   (You found it on level 6 of the Dungeon)

   Regen:     It increases your rate of health regeneration.
   Will:      It increases your willpower.
 i - +0 acid dragon scales
 j - +0 steam dragon scales
 q - a +1 troll leather armour (worn) {Pargi}
 I - the +1 leather armour "Vitip" {rCorr Int-2 Dex+3 Slay+2}
   (You found it on level 9 of the Dungeon)

   Int:       It affects your intelligence (-2).
   Dex:       It affects your dexterity (+3).
   Slay:      It affects your accuracy & damage with ranged weapons and melee
   (+2).
   rCorr:     It protects you from acid and corrosion.
Jewellery
 n - a +4 ring of protection (left hand)
 u - an amulet of the acrobat
 x - an amulet of regeneration (around neck)
 y - an amulet of guardian spirit
Wands
 z - a wand of polymorph (5)
 C - a wand of flame (8)
 E - a wand of digging (2)
Scrolls
 c - 11 scrolls of identify {@rr}
 k - a scroll of fog
 r - a scroll of amnesia
 s - 5 scrolls of immolation
 t - 5 scrolls of noise
 B - a scroll of holy word
 G - 2 scrolls of magic mapping
Potions
 d - a potion of magic
 l - a potion of flight
 J - 2 potions of brilliance
 L - a potion of haste
Miscellaneous
 D - a phantom mirror


   Skills:
 + Level 8.8 Fighting
 + Level 5.3 Maces & Flails
 + Level 5.4 Armour
 + Level 6.8 Dodging
 - Level 3.8 Stealth
 * Level 8.6 Spellcasting
 + Level 7.5 Conjurations


You had 16 spell levels left.
You knew the following spells:

 Your Spells              Type           Power      Damage    Failure   Level
a - Magic Dart            Conj           100%       1d8       1%          1
b - Fulminant Prism       Conj/Hex       17%        3d11      12%         4
c - Iskenderun's Mystic   Conj/Tloc      35%        2d8       12%         4
d - Passwall              Tmut/Erth      10%        N/A       9%          2

Your spell library contained the following spells:

 Spells                   Type           Power      Damage    Failure   Level
 Searing Ray              Conj           100%       2d8       1%          2
 Dazzling Flash           Conj/Hex       70%        N/A       3%          3
 Stone Arrow              Conj/Erth      70%        3d11      3%          3
 Sandblast                Erth           24%        2d8       5%          1
 Sting                    Tmut/Pois      48%        1d5       5%          1
 Poisonous Vapours        Pois/Air       24%        N/A       9%          2
 Cause Fear               Hex            6%         N/A       50%         4
 Olgreb's Toxic Radiance  Pois           12%        N/A       50%         4
 Summon Forest            Summ/Tloc      6%         N/A       83%         5
 Summon Mana Viper        Hex/Summ       12%        N/A       83%         5
 Summon Cactus Giant      Summ           6%         N/A       100%        6
 Dragon Form              Tmut           6%         N/A       100%        7
 Dragon's Call            Summ           6%         N/A       100%        9


Dungeon Overview and Level Annotations

Branches:
Dungeon (11/15)            Temple (0/1) D:6            Lair (1/6) D:9
Ossuary (visited)
    Orc: D:9-12

Shops:
D:3 ?   D:5 (

Annotations:
D:9 1 runed translucent door


Innate Abilities, Weirdness & Mutations

You have an increased reservoir of magic. (+10% MP)
You shall have no god before yourself.
Your divine heritage dramatically boosts your attributes as you level up.
You are dopey. (Int -2)
You are occasionally teleported next to monsters.


Message History

You feel very sick.
The guardian serpent completely misses you.
The guardian serpent casts a spell at you.
You feel as though you will be slow longer.
The guardian serpent casts a spell at you.
The bolt of poison hits you!
You are more poisoned.
* * * LOW HITPOINT WARNING * * *
Unknown command.
You feel extremely sick.
The guardian serpent coils itself and waves its upper body at you.
The bolt of poison misses you.
You feel very sick.
The guardian serpent coils itself and waves its upper body at you.
You feel as though you will be slow longer.
Things that are here:
a +0 hand axe; a +0 long sword of freezing; a +0 plate armour Your surroundings seem slightly different.
You feel very sick.
The guardian serpent coils itself and waves its upper body at you.
The bolt of poison hits you!
You are more poisoned.
* * * LOW HITPOINT WARNING * * *
Unknown command.
Okay, then.
Really read the scroll of vulnerability?
As you read the scroll of vulnerability, it crumbles to dust.
Magic quickly surges around you.
You feel extremely sick. The guardian serpent barely misses you.
The guardian serpent closely misses you.
The guardian serpent casts a spell at you.
You feel as though you will be slow longer.
Aiming: Polymorph
Press: ? - help, Shift-Dir - straight line, f/p - guardian serpent
Aim: a guardian serpent (lightly wounded, weak-willed, will become a queen bee, a rime drake, or a golden eye, chance to affect: 37%)
The guardian serpent easily resists.
You feel very sick. The guardian serpent hits you!
You die...

#. ... .. #.#
.##.##### .^..
..# #..# #.#
#).# #.# ###
###.###..# #.#
...
.........###.###
#.#
#######....@.>.#
#^#
####...)S.#.#
#.#
#.......###.#
#.# #.#####)#
#.#### #.# #.#
#.# #....# #.#
#.# #.# ####.#
#.# #.# #.# #.#
#.# #.#####.#
#.# #.#
#.......# #.#


You could see a guardian serpent (weak-willed).

Vanquished Creatures
  Fannar (D:10)
  A hydra (Lair:1)
  Harold (D:8)
  A two-headed ogre (D:10)
  A cyclops (D:9)
  A manticore (D:11)
  The ghost of Gargoyl the Skirmisher, a novice GnAK of Lugonu (D:4)
  Psyche (D:8)
  2 komodo dragons
  Prince Ribbit (D:8)
  Sigmund (D:3)
  A shadow (D:11)
  18 yaks
  A wyvern (D:8)
  A basilisk (Lair:1)
  A steam dragon (D:8)
  Grum (D:10)
  3 vampire mosquitoes (D:11)
  3 acid dragons
  2 water moccasins (Lair:1)
  A necrophage (D:6)
  Pargi (D:3)
  3 orc warriors
  3 ogres
  5 centaurs
  9 wolves
  3 phantoms
  A wyvern zombie (D:7)
  2 bullfrogs
  A scorpion (D:5)
  A water moccasin zombie (D:6)
  A gnoll sergeant (D:9)
  2 water moccasin skeletons
  9 killer bees
  21 wights
  7 howler monkeys
  5 centaur zombies
  A human zombie (Ossuary)
  2 jellies
  An orc priest (D:8)
  2 hounds
  3 gnoll shamans
  2 centaur skeletons (D:6)
  Jessica (D:3)
  An iguana (D:5)
  3 orc wizards
  5 mummies (Ossuary)
  3 howler monkey zombies
  23 gnolls
  10 adders
  2 howler monkey skeletons (D:7)
  A shadow imp (D:7)
  An ufetubus (D:7)
  An adder skeleton (D:4)
  A worm (D:5)
  2 dart slugs
  28 orcs
  5 endoplasms
  3 giant cockroaches
  5 goblins
  6 hobgoblins
  3 jackals (D:5)
  6 kobolds
  2 quokkas
  3 training dummies (D:5)
  6 ball pythons
  2 bats
  3 frilled lizards (D:1)
  A gnoll zombie (Ossuary)
  3 goblin zombies (Ossuary)
  A hobgoblin zombie (D:4)
  A kobold zombie (Ossuary)
  An orc zombie (Ossuary)
  2 rats
264 creatures vanquished.

Vanquished Creatures (others)
  18 fulminant prisms
  2 fungi (Lair:1)
  7 plants (Lair:1)
  2 withered plants (D:4)
29 creatures vanquished.

Grand Total: 293 creatures vanquished

Notes
Turn   | Place    | Note
-------+----------+-------------------------------------------
     0 | D:1      | Htamos the Demigod Conjurer began the quest for the Orb.
     0 | D:1      | Reached XP level 1. HP: 14/14 MP: 5/5
   441 | D:1      | Reached XP level 2. HP: 20/20 MP: 4/7
  1256 | D:2      | Reached skill level 1 in Fighting
  1256 | D:2      | Reached XP level 3. HP: 28/28 MP: 1/8
  1854 | D:3      | Noticed Sigmund
  1854 | D:3      | Noticed Pargi
  2072 | D:3      | Noticed Jessica
  2078 | D:3      | Killed Jessica
  2462 | D:3      | Found Tengi's Magic Scroll Emporium.
  2472 | D:3      | Bought a scroll of identify for 24 gold pieces
  2472 | D:3      | Bought a scroll of teleportation for 36 gold pieces
  2581 | D:3      | Reached XP level 4. HP: 35/35 MP: 6/10
  3028 | D:4      | Found a sand-covered staircase.
  3040 | Ossuary  | Entered an ossuary
  3378 | Ossuary  | Reached XP level 5. HP: 33/41 MP: 1/11
  4412 | D:4      | Reached XP level 6. HP: 50/50 MP: 9/13
  4417 | D:4      | Learned a level 4 spell: Fulminant Prism
  4422 | D:4      | Learned a level 4 spell: Iskenderun's Mystic Blast
  5478 | D:4      | Found a runed translucent door.
  5478 | D:4      | Noticed Gargoyl's ghost (novice GnAK)
  5740 | D:4      | Killed Gargoyl's ghost
  5741 | D:4      | Reached XP level 7. HP: 33/57 MP: 14/16
  5789 | D:5      | Entered Level 5 of the Dungeon
  6265 | D:5      | Reached skill level 5 in Conjurations
  6512 | D:5      | Found Kizipar's Firing Range.
  6842 | D:6      | Reached skill level 1 in Armour
  6842 | D:6      | Reached XP level 8. HP: 65/66 MP: 12/18
  6850 | D:6      | Reached skill level 1 in Maces & Flails
  7006 | D:6      | Reached skill level 5 in Spellcasting
  7411 | D:6      | Found a staircase to the Ecumenical Temple.
  7432 | D:6      | Learned a level 2 spell: Passwall
  7658 | D:6      | You fall into a shaft and drop 1 floor!
  7707 | D:7      | Reached skill level 5 in Fighting
  7746 | D:7      | Reached XP level 9. HP: 74/74 MP: 1/21
  8608 | D:7      | Identified the +5 quarterstaff "Cusuick" {drain, Fly Str+5
                  | SInv}
  9066 | D:8      | Noticed Harold
  9103 | D:8      | Gained mutation: You are occasionally teleported next to
                  | monsters. [potion of mutation]
  9103 | D:8      | Gained mutation: You are dopey. (Int -2) [potion of
                  | mutation]
  9110 | D:8      | Killed Harold
  9111 | D:8      | Reached skill level 5 in Dodging
  9405 | D:8      | Noticed Prince Ribbit
  9410 | D:8      | Killed Prince Ribbit
  9808 | D:8      | Noticed Psyche
  9815 | D:8      | Killed Psyche
  9816 | D:8      | Reached XP level 10. HP: 84/84 MP: 3/24
 10795 | D:9      | Noticed a cyclops
 10953 | D:9      | Found a staircase to the Lair.
 11105 | D:9      | Found a runed translucent door.
 11110 | D:9      | Noticed a guardian serpent
 11227 | D:9      | Killed a cyclops
 11268 | D:9      | Identified the +1 leather armour "Vitip" {rCorr Int-2 Dex+3
                  | Slay+2}
 11666 | D:9      | Noticed a moth of wrath
 11698 | D:10     | Entered Level 10 of the Dungeon
 11942 | D:10     | Noticed Grum
 11957 | D:10     | Noticed Fannar
 12163 | D:10     | Noticed a two-headed ogre
 12181 | D:10     | Killed a two-headed ogre
 12358 | D:10     | Killed Grum
 12472 | D:10     | Killed Fannar
 12829 | D:6      | Identified the +0 ring mail of the Good {Will+ Regen+}
 13134 | D:3      | Killed Pargi
 13147 | D:3      | Killed Sigmund
 13311 | Lair:1   | Entered Level 1 of the Lair of Beasts
 13378 | Lair:1   | Reached XP level 11. HP: 30/94 MP: 5/27
 13910 | Lair:1   | Noticed a seven-headed hydra
 13924 | Lair:1   | Killed a seven-headed hydra
 13925 | Lair:1   | Reached skill level 5 in Armour
 14030 | Lair:1   | Reached skill level 5 in Maces & Flails
 14362 | Lair:1   | Noticed a five-headed hydra
 14975 | D:11     | Slain by a guardian serpent

Illustrated notes

Levels and vault maps discovered:
D:1:      amcnicky_arrival_flooded_fountain, layout_loops_ring,
          ebering_ecumenical_altar_petrified, chequers_serial_rivers_room_b,
          hangedman_glass_teeth
D:2:      layout_rooms
D:3:      layout_basic, serial_shops, shop, uniq_sigmund, uniq_pargi,
          uniq_jessica
D:4:      layout_loops_ring, enter_ossuary_3, gammafunk_ghost_grave,
          hangedman_minor_gate_pass
D:5:      layout_gridville, nicolae_shop_firing_range
D:6:      layout_loops_cross, minmay_temple_entry_waves,
          amcnicky_mini_rare_corridor_liquid, chequers_serial_rivers_room_b
D:7:      layout_basic, mainiacjoe_overflow_alcove_4
D:8:      layout_loops_corners, uniq_harold, uniq_psyche, uniq_prince_ribbit1
D:9:      layout_cross, lair_entry_dummy, chequers_serial_rivers_small_a,
          minmay_st_funbox, minmay_misc_feat_room, st_stairs_8
D:10:     layout_cave_pods, serial_column_ruins, column_ruins_hut,
          column_ruins_columns_dead_end, column_ruins_open_medium,
          column_ruins_grid_4, column_ruins_columns_straight,
          chequers_serial_rivers_micro_b, uniq_fannar, uniq_grum
D:11:     layout_loops_ring, orc_0_dummy, nrook_guardian_serpent_ordinary
Lair:1:   layout_regular_city

Skill      XL: |  1  2  3  4  5  6  7  8  9 10 11 |
---------------+----------------------------------+-----
Dodging        | 2 3 4 5 6 |  6.8
Stealth        | 2 3 |  3.8
Spellcasting   | 2 3 4 5 6 7 8 |  8.6
Fighting       | 1 2 3 5 6 7 8 |  8.8
Conjurations   | 4 5 6 7 |  7.5
Armour         | 1 2 3 4 5 |  5.4
Maces & Flails | 2 3 4 5 |  5.3

Action                   |  1- 3 |  4- 6 |  7- 9 | 10-12 || total
-------------------------+-------+-------+-------+-------++-------
Melee: Club              |     7 |    28 |       |       ||    35
       Short sword       |       |    16 |    13 |       ||    29
       Whip              |       |       |   126 |   548 ||   674
 Cast: Magic Dart        |    75 |   164 |   230 |   134 ||   603
       Iskenderun's Myst |       |       |    28 |    20 ||    48
       Fulminant Prism   |       |       |     6 |    12 ||    18
Evoke: Wand              |       |    14 |     3 |    11 ||    28
  Use: Scroll            |       |     4 |     1 |    16 ||    21
       Potion            |       |       |    16 |     9 ||    25
 Stab: Sleeping          |       |     1 |       |     1 ||     2
       Invisible         |       |       |     1 |     1 ||     2
Armor: Robe              |     3 |    15 |    22 |       ||    40
       Skin              |       |       |    32 |       ||    32
       Acid dragon scale |       |       |     6 |   149 ||   155
       Troll leather arm |       |       |       |   127 ||   127
Dodge: Dodged            |     7 |    59 |    91 |   419 ||   576

Table legend: (Time is in decaauts)
 A = Elapsed time spent in this place.
 B = Non-inter-level travel time spent in this place.
 C = Inter-level travel time spent in this place.
 D = Time resting spent in this place.
 E = Time spent auto-exploring this place.
 F = Levels seen in this place.
 G = Mean time per level.
                   A        B        C        D        E       F      G
               +--------+--------+--------+--------+--------+-----+--------+
         Total |  14955 |  14061 |    894 |   1295 |   9551 |  13 | 1150.4 |
       Dungeon |  13063 |  12170 |    893 |    690 |   9077 |  11 | 1187.5 |
          Lair |    918 |    918 |      0 |     50 |    345 |   1 |  918.0 |
       Ossuary |    972 |    972 |      0 |    555 |    128 |   1 |  972.0 |
               +--------+--------+--------+--------+--------+-----+--------+

Top non-repeatable levels by time:
     D:4: 1980 daAuts
     D:8: 1658 daAuts
     D:9: 1404 daAuts
     D:6: 1327 daAuts
     D:7: 1297 daAuts
     D:3: 1286 daAuts
     D:1: 1076 daAuts
     D:5: 1026 daAuts
 Ossuary: 972 daAuts
  Lair:1: 918 daAuts
    D:10: 834 daAuts
     D:2: 652 daAuts
    D:11: 519 daAuts
